 Dungeon Crawl Stone Soup version 0.32-a0-391-gce5c0aab1b (webtiles) character file.

Game seed: 5539078144790041191

36 cforsyth the Slasher (level 3, 0/28 HPs)
             Began as a Coglin Gladiator on Feb 20, 2024.
             Succumbed to a goblin's poison
             ... on level 2 of the Dungeon.
             The game lasted 00:01:37 (839 turns).

cforsyth the Slasher (Coglin Gladiator)              Turns: 839, Time: 00:01:37

Health: 0/28       AC:  6    Str: 14    XL:     3   Next: 37%
Magic:  3/3        EV: 11    Int:  7    God:
Gold:   34         SH:  0    Dex: 17    Spells: 2/2 levels left

rFire   . . .        a - +0 long sword {Chitauli}
rCold   . . .        (no shield)
rNeg    . . .        l - +0 ring mail
rPois   .            c - +0 helmet
rElec   .            (no cloak)
rCorr   .            (no gloves)
SInv    .            (no boots)
Will    +....        (no amulet)
Stlth   +            (no ring)
HPRegen 0.24/turn    (no ring)
MPRegen 0.08/turn

%: no passive effects
@: lethally poisoned (0 -> -1), about to teleport, enlightened, flying, hasted,
invisible, stiff-legged, very slow
A: off-hand wielding, slow wielding, warmup strikes, warmup strides
a: no special abilities


You were on level 2 of the Dungeon.
You visited 1 branch of the dungeon, and saw 2 of its levels.

You collected 34 gold pieces.


Innate Abilities, Weirdness & Mutations

You can wield a second weapon in your off-hand.
It takes a long time for you to wield or remove held weapons.
Your first few attacks do less damage.
Your first movements take longer.


   Skills:
 + Level 2.7 Fighting
 + Level 3.4 Long Blades
 - Level 1.7 Throwing
 + Level 3.1 Dodging


You had 2 spell levels left.
You didn't know any spells.
Your spell library contained the following spells:

 Spells                   Type           Power      Damage    Failure   Level
 Foxfire                  Conj/Fire      0%         2x1d4     67%         1
 Sandblast                Erth           0%         2d4       67%         1
 Ensorcelled Hibernation  Hex/Ice        0%         N/A       82%         2
 Inner Flame              Hex/Fire       0%         N/A       96%         3
 Passwall                 Erth           0%         N/A       96%         3
 Stone Arrow              Conj/Erth      0%         3d7       96%         3
 Swiftness                Air            0%         N/A       96%         3
 Brom's Barrelling Bould  Conj/Erth      0%         2d3       100%        4
 Flame Wave               Conj/Fire      0%         2d4       100%        4
 Sticky Flame             Fire/Alch      0%         2d4       100%        4
 Plasma Beam              Fire/Air       0%         2x1d10    100%        6
 Starburst                Conj/Fire      0%         6d3       100%        6

Inventory:

Hand Weapons
 a - a +0 long sword (weapon) {Chitauli}
Missiles
 d - 3 throwing nets (quivered) {=f}
 e - a javelin
Armour
 b - a +0 leather armour
 c - a +0 helmet (worn)
 l - a +0 ring mail (worn)
Potions
 h - 2 potions of haste {@q3}

Dungeon Overview and Level Annotations

Branches:
Dungeon (2/15)

Altars:

Annotations:
D:2 Terence

#........# §§§§§§§§#
#§§§§§§.# #§§§§§..#
#§§§§...# ##. #S§§....#
#..#.... #gg.....#
#.##.... #K##.####
#.##.... #@##.##. #.##...
#§##.#.. #.##.. ##§##.#.#
#.##.# ########§§##.#.#
#.##.# #.......§###.#.#
##)..<##.
#......§§###.#.###........
#......§§.....)....#######
#.....§§§###.#.#####
#................#


You could see an adder (unable to see you), a hobgoblin (unable to see you), a
goblin (unable to see you) and a kobold (unable to see you).


Message History

You feel very buoyant.
You fly up into the air.
* * * LOW HITPOINT WARNING * * *
You feel sick. The kobold hits you but does no damage.
It was a potion of magic.
Magic courses through your body.
* * * LOW HITPOINT WARNING * * *
You feel sick.
A quokka comes into view.
The kobold closely misses you.
It was a potion of invisibility.
You fade into invisibility!
* * * LOW HITPOINT WARNING * * *
You feel sick. The kobold closely misses you.
It was a potion of haste.
You feel yourself speed up.
* * * LOW HITPOINT WARNING * * *
You feel sick. The kobold closely misses you.
Okay, then.
The air fills with toxic fumes!
As you read the scroll labelled TARCHIE MIAL, it crumbles to dust.
It was a scroll of poison.
* * * LOW HITPOINT WARNING * * *
You feel sick. The kobold closely misses you.
Unknown command.
Okay, then.
As you read the scroll labelled XIDWUCZEA QEZE, it crumbles to dust.
It is a scroll of identify.
m - a scroll of teleportation
As you read the scroll of teleportation {@r2}, it crumbles to dust.
You feel strangely unstable.
You die...

Skill      XL: |  1  2 |
---------------+-------+-----
Dodging        | 3 |  3.1
Fighting       | |  2.7
Long Blades    | |  3.4
Throwing       | |  1.7

Action                     || total
---------------------------++-------
  Melee: Long sword        ||    61
    Use: Potion            ||     4
         Scroll            ||     3
 Armour: Leather armour    ||    40
         Ring mail         ||     9
  Dodge: Dodged            ||    45

Levels and vault maps discovered:
D:1:      dpeg_arrival_arbitrary_a, layout_loops_ring
D:2:      layout_rooms, chequers_serial_rivers_micro_d, minmay_door_square,
          uniq_terence

Notes
Turn   | Place    | Note
-------+----------+-------------------------------------------
     0 | D:1      | cforsyth the Coglin Gladiator began the quest for the Orb.
     0 | D:1      | Reached XP level 1. HP: 16/16 MP: 1/1
   129 | D:1      | Reached XP level 2. HP: 22/22 MP: 2/2
   336 | D:1      | Reached skill level 3 in Dodging
   397 | D:1      | Reached XP level 3. HP: 28/28 MP: 3/3
   748 | D:2      | Noticed Terence
   835 | D:2      | HP: 2/28 [poisoned by a goblin]
   839 | D:2      | Succumbed to a goblin's poison

Vanquished Creatures
  A dart slug (D:1)
  A giant cockroach (D:1)
  4 goblins (D:1)
  2 hobgoblins (D:1)
  3 kobolds
  2 quokkas
  2 ball pythons (D:1)
  2 bats (D:1)
  A frilled lizard (D:1)
  A rat (D:1)
19 creatures vanquished.

Table legend: (Time is in decaauts)
 A = Elapsed time spent in this place.
 B = Non-inter-level travel time spent in this place.
 C = Inter-level travel time spent in this place.
 D = Time resting spent in this place.
 E = Time spent auto-exploring this place.
 F = Levels seen in this place.
 G = Mean time per level.
                   A        B        C        D        E       F      G
               +--------+--------+--------+--------+--------+-----+--------+
         Total |    883 |    804 |     79 |      0 |    579 |   2 |  441.5 |
       Dungeon |    883 |    804 |     79 |      0 |    579 |   2 |  441.5 |
               +--------+--------+--------+--------+--------+-----+--------+

Top non-repeatable levels by time:
     D:1: 816 daAuts
     D:2: 67 daAuts

Table legend:
 A = Non-vault XP
 B = Vault XP
 C = Vault XP percentage of total XP
 D = Non-vault monster count
 E = Vault monster count
 F = Vault count percentage of total count
                 A         B        C        D         E       F
            +---------+---------+-------+---------+---------+-------
      Total |      52 |       0 |   0.0 |      19 |       0 |   0.0
            +---------+---------+-------+---------+---------+-------
        D:1 |      46 |       0 |   0.0 |      17 |       0 |   0.0
        D:2 |       6 |       0 |   0.0 |       2 |       0 |   0.0
            +---------+---------+-------+---------+---------+-------
